 Dungeon Crawl Stone Soup version 0.25-a0-429-g4e4398398a (webtiles) character file.

Game seed: 2762293334617041640, levelgen mode: deterministic

96 digijack the Chopper (level 4, -2/41 HPs)
             Began as a Hill Orc Monk on Jan 25, 2020.
             Slain by an orc warrior
             ... wielding a +0 glaive
              (17 damage)
             ... on level 3 of the Dungeon.
             The game lasted 00:10:09 (2399 turns).

digijack the Chopper (Hill Orc Monk)                Turns: 2399, Time: 00:10:09

Health: -2/41      AC:  8    Str: 14    XL:     4   Next: 67%
Magic:  4/4        EV:  2    Int:  5    God:
Gold:   87         SH: 14    Dex: 15    Spells: 3/3 levels left

rFire    . . .     SeeInvis .   a - +2 hand axe
rCold    . . .     Gourm    .   f - +2 large shield
rNeg     . . .     Faith    .   b - +0 chain mail
rPois    .         Spirit   .   (no helmet)
rElec    .         Reflect  .   (no cloak)
rCorr    .         Harm     .   (no gloves)
MR       +....                  (no boots)
Stlth    ..........             (no amulet)
HPRegen  0.13/turn              h - -5 ring of intelligence (curse)
MPRegen  0.09/turn              l - ring of protection from magic

@: no status effects
A: agile 1, screaming 1
a: no special abilities


You were on level 3 of the Dungeon.
You were hungry.

You visited 1 branch of the dungeon, and saw 3 of its levels.

You collected 87 gold pieces.

Inventory:

Hand Weapons
 a - a +2 hand axe (weapon)
Missiles
 e - 88 stones (quivered)
Armour
 b - a +0 chain mail (worn)
 f - a +2 large shield (worn)
Jewellery
 h - a cursed -5 ring of intelligence (left hand)
 l - a ring of protection from magic (right hand)
Wands
 j - a wand of paralysis (7)
Potions
 d - a potion of degeneration {unknown}
 g - a potion of agility {unknown}
 i - a potion of berserk rage {unknown}
 k - a potion of mutation
Comestibles
 c - 4 rations


   Skills:
 + Level 4.5 Fighting
 + Level 4.9 Axes
 + Level 2.0 Armour
 - Level 2.5 Dodging
 - Level 1.5 Stealth
 + Level 1.8 Shields


You had 3 spell levels left.
You didn't know any spells.
Your spell library was empty.

Dungeon Overview and Level Annotations

Branches:
Dungeon (3/15)

Altars:
Fedhas
Kikubaaqudgha
Nemelex Xobeh

Annotations:
D:2 Sigmund


Innate Abilities, Weirdness & Mutations

You are agile. (Dex +2)
You occasionally shout uncontrollably at your foes.


Message History

You block the hobgoblin's attack.
The orc hits you with a +2 flail of protection.
You slash the orc!
You kill the orc!
You hit the hobgoblin but do no damage. You block the orc warrior's attack.
The hobgoblin hits you with a +0 club. You block the hobgoblin's attack.
You block the orc warrior's attack.
Things that are here:
a +2 flail of protection; an orc corpse You hit the orc warrior.
The orc warrior is moderately wounded.
You hit the hobgoblin. You block the hobgoblin's attack.
The orc warrior hits you with a +0 glaive!!
You block the hobgoblin's attack.
The hobgoblin hits you but does no damage.
You hit the orc warrior.
The orc warrior is moderately wounded.
You hit the hobgoblin. You hit the hobgoblin but do no damage.
The orc warrior hits you with a +0 glaive!
You die...

........'.......
...........#.....##
...###.###.#.....#
###+#..#..<....#.....#
......#.#...###.....##
#......<........#....
#....................
##........)..##......
+...@g.#.....##......
###g#o.......#.......
#.#.#####.#....#+..
#)#..............#. ..
#.....###...####.._ ...
#####.###........#. ....
#...#..#####...
....######...#...####..#
.................#.....#


You could see an orc warrior and 2 hobgoblins.

Vanquished Creatures
  Crazy Yiuf (D:2)
  3 adders
  3 worms (D:2)
  2 orcs (D:3)
  2 bats
  3 goblins
  3 hobgoblins
  7 kobolds
  A quokka (D:2)
  5 frilled lizards
  3 rats
33 creatures vanquished.

Notes
Turn   | Place    | Note
-------+----------+-------------------------------------------
     0 | D:1      | digijack the Hill Orc Monk began the quest for the Orb.
     0 | D:1      | Reached XP level 1. HP: 19/19 MP: 1/1
   235 | D:1      | Reached XP level 2. HP: 20/27 MP: 2/2
   885 | D:2      | Reached skill level 1 in Armour
   985 | D:2      | Found an ancient bone altar of Kikubaaqudgha.
   985 | D:2      | Found a blossoming altar of Fedhas.
  1067 | D:2      | Reached skill level 1 in Shields
  1067 | D:2      | Reached XP level 3. HP: 15/33 MP: 3/3
  1397 | D:2      | Noticed Sigmund
  1610 | D:2      | Gained mutation: You occasionally shout uncontrollably at
                  | your foes. [potion of mutation]
  1610 | D:2      | Gained mutation: You are agile. (Dex +2) [potion of
                  | mutation]
  1744 | D:2      | Found a runed translucent door.
  1745 | D:2      | Noticed Crazy Yiuf
  1755 | D:2      | Killed Crazy Yiuf
  1755 | D:2      | Reached XP level 4. HP: 41/41 MP: 4/4
  2061 | D:3      | Found a sparkling altar of Nemelex Xobeh.
  2362 | D:3      | Noticed an orc warrior
  2399 | D:3      | Slain by an orc warrior

Levels and vault maps discovered:
D:1:      zelgadis_glass_arrival_small, layout_rooms, kennysheep_doodads
D:2:      layout_loops_ring, grunt_temple_overflow_growth_and_decay,
          first_ration, minmay_misc_feat_doors, uniq_sigmund,
          uniq_crazy_yiuf_cottage
D:3:      layout_basic, lemuel_crystal_altar, uniq_ijyb

Skill      XL: |  1  2  3  4 |
---------------+-------------+-----
Armour         | 1 2 |  2.0
Fighting       | 4 |  4.5
Shields        | 1 |  1.8
Axes           | |  4.9
Dodging        | |  2.5
Stealth        | |  1.5

Action                   |  1- 3 |  4- 6 || total
-------------------------+-------+-------++-------
Melee: Hand axe          |    86 |    43 ||   129
  Use: Scroll            |     5 |     1 ||     6
       Potion            |     1 |       ||     1
 Stab: Sleeping          |     2 |       ||     2
  Eat: Chunk             |     3 |     1 ||     4
Armor: Robe              |     2 |       ||     2
       Chain mail        |    20 |    21 ||    41
Dodge: Dodged            |     3 |     2 ||     5
Block: Large shield      |    40 |    46 ||    86

Table legend:
 A = Non-vault XP
 B = Vault XP
 C = Vault XP percentage of total XP
 D = Non-vault monster count
 E = Vault monster count
 F = Vault count percentage of total count
                 A         B        C        D         E       F
            +---------+---------+-------+---------+---------+-------
      Total |      98 |      40 |  29.0 |      32 |       1 |   3.0
            +---------+---------+-------+---------+---------+-------
        D:1 |      14 |       0 |   0.0 |       9 |       0 |   0.0
        D:2 |      41 |      40 |  49.4 |      12 |       1 |   7.7
        D:3 |      43 |       0 |   0.0 |      11 |       0 |   0.0
            +---------+---------+-------+---------+---------+-------
